 Dungeon Crawl Stone Soup version 0.28-a0-1143-gcf6077d4cc (webtiles) character file.

Game seed: 6748244236610060236

67 siradein the Skirmisher (level 4, 0/40 HPs)
             Began as a Hill Orc Fighter on Dec 14, 2021.
             Succumbed to an adder's poison
             ... on level 3 of the Dungeon.
             The game lasted 00:05:37 (1411 turns).

siradein the Skirmisher (Hill Orc Fighter)          Turns: 1411, Time: 00:05:38

Health: 0/40       AC: 12    Str: 18    XL:     4   Next: 18%
Magic:  4/4        EV:  7    Int:  8    God:
Gold:   61         SH:  5    Dex: 12    Spells: 3/3 levels left

rFire   . . .      SeeInvis .   a - +0 long sword
rCold   . . .      Faith    .   c - +0 buckler
rNeg    . . .      Spirit   .   i - +0 chain mail
rPois   .          Reflect  .   f - +2 helmet
rElec   .          Harm     .   (no cloak)
rCorr   .          Rampage  .   (no gloves)
Will    .....                   (no boots)
Stlth   ..........              (no amulet)
HPRegen 0.13/turn               (no ring)
MPRegen 0.09/turn               (no ring)

@: lethally poisoned (0 -> -3)
A: no striking features
a: no special abilities


You were on level 3 of the Dungeon.
You visited 1 branch of the dungeon, and saw 3 of its levels.

You collected 61 gold pieces.

Inventory:

Hand Weapons
 a - a +0 long sword (weapon)
Missiles
 b - 5 javelins (quivered)
Armour
 c - a +0 buckler (worn)
 f - a +2 helmet (worn)
 i - a +0 chain mail (worn)
Scrolls
 e - a scroll of brand weapon
 g - 3 scrolls of identify
 h - a scroll of vulnerability
 j - a scroll of amnesia
Potions
 d - a potion of might


   Skills:
 + Level 4.3 Fighting
 + Level 3.0 Long Blades
 + Level 3.9 Armour
 + Level 3.9 Shields


You had 3 spell levels left.
You didn't know any spells.
Your spell library was empty.

Dungeon Overview and Level Annotations

Branches:
Dungeon (3/15)

Altars:
Trog


Message History

You completely miss the adder.
The adder is lightly wounded.
The adder barely misses you. Something hits you but does no damage.
The adder bites you but does no damage.
You closely miss the adder.
The adder is lightly wounded.
Something hits you. The adder barely misses you.
You hear some strange, mumbled words.
Something tries to affect you, but you resist.
You hit the adder but do no damage.
The adder is lightly wounded.
The adder bites you.
You are poisoned.
The adder poisons you! The adder bites you.
You are more poisoned.
The adder poisons you! Something hits you but does no damage.
You hit the adder.
The adder is severely wounded.
* * * LOW HITPOINT WARNING * * *
You feel very sick. The adder bites you but does no damage.
Something hits you but does no damage.
You slash the adder!
You kill the adder!
* * * LOW HITPOINT WARNING * * *
You feel sick. Something hits you.
* * * LOW HITPOINT WARNING * * *
Your Long Blades skill increases to level 3!
You miss something.
* * * LOW HITPOINT WARNING * * *
You feel sick. Something hits you but does no damage.
You hear some strange, mumbled words.
Something tries to affect you, but you resist.
You miss something.
* * * LOW HITPOINT WARNING * * *
You feel sick. Something hits you but does no damage.
You closely miss something.
* * * LOW HITPOINT WARNING * * *
You feel sick. Something hits you but does no damage.
You barely miss something.
You die...

############
#..........#
#.......)..#
#.......†..#
#.......)†.#
#.....@{...#
#.........>...#
#..........####
#.............
..........###...
.####...### ##.
..... ...###


There were no monsters in sight!

Vanquished Creatures
  2 adders
  A worm (D:2)
  2 orcs (D:3)
  4 ball pythons
  2 bats (D:2)
  4 endoplasms
  3 giant cockroaches
  4 goblins
  5 hobgoblins
  4 quokkas
  2 frilled lizards
  2 kobolds
  7 rats
42 creatures vanquished.

Notes
Turn   | Place    | Note
-------+----------+-------------------------------------------
     0 | D:1      | siradein the Hill Orc Fighter began the quest for the Orb.
     0 | D:1      | Reached XP level 1. HP: 19/19 MP: 1/1
   155 | D:1      | Reached XP level 2. HP: 22/27 MP: 2/2
   630 | D:1      | Reached skill level 4 in Fighting
   792 | D:2      | Found a bloodstained altar of Trog.
   843 | D:2      | Reached XP level 3. HP: 27/33 MP: 3/3
  1381 | D:3      | Reached XP level 4. HP: 34/40 MP: 4/4
  1410 | D:3      | HP: 2/40 [poisoned by an adder]
  1411 | D:3      | Succumbed to an adder's poison

Illustrated notes

Levels and vault maps discovered:
D:1:      nzn_arrival_water_spiral, layout_loops_ring, minmay_tetromino_l2
D:2:      layout_basic, basic_altar
D:3:      layout_rooms, tso_altar, minivault_23

Skill      XL: |  1  2  3  4 |
---------------+-------------+-----
Fighting       | 4 |  4.3
Long Blades    | 3 |  3.0
Armour         | |  3.9
Shields        | |  3.9

Action                   |  1- 3 |  4- 6 || total
-------------------------+-------+-------++-------
Melee: Long sword        |   119 |    26 ||   145
  Use: Scroll            |     3 |       ||     3
Armor: Scale mail        |    53 |       ||    53
       Chain mail        |    37 |    31 ||    68
Dodge: Dodged            |    49 |     5 ||    54
Block: Buckler           |    20 |     4 ||    24

Table legend: (Time is in decaauts)
 A = Elapsed time spent in this place.
 B = Non-inter-level travel time spent in this place.
 C = Inter-level travel time spent in this place.
 D = Time resting spent in this place.
 E = Time spent auto-exploring this place.
 F = Levels seen in this place.
 G = Mean time per level.
                   A        B        C        D        E       F      G
               +--------+--------+--------+--------+--------+-----+--------+
         Total |   1452 |   1429 |     23 |      0 |   1083 |   3 |  484.0 |
       Dungeon |   1452 |   1429 |     23 |      0 |   1083 |   3 |  484.0 |
               +--------+--------+--------+--------+--------+-----+--------+

Top non-repeatable levels by time:
     D:1: 809 daAuts
     D:2: 585 daAuts
     D:3: 57 daAuts
